 Dungeon Crawl Stone Soup version 0.30-a0-297-g0ec75d9ef4 (webtiles) character file.

Game seed: 14658149998799214416

2347 themarg the Fighter (level 9, -4/86 HPs)
             Began as a Hill Orc Monk on Oct 18, 2022.
             Was a Follower of Beogh.
             Slain by a wraith (6 damage)
             ... led by Josephine
             ... on level 10 of the Dungeon.
             The game lasted 00:32:54 (6401 turns).

themarg the Fighter (Hill Orc Monk)                 Turns: 6401, Time: 00:32:55

Health: -4/86      AC: 13    Str: 24    XL:     9   Next: 43%
Magic:  10/14      EV:  9    Int: 10    God:    Beogh [*.....]
Gold:   408        SH:  5    Dex: 19    Spells: 8/8 levels left

rFire   + . .      SeeInvis .    F - +0 war axe
rCold   . . .      Faith    .    (no shield)
rNeg    . . .      Spirit   .    C - +0 plate armour
rPois   .          Reflect  +    (no helmet)
rElec   .          Harm     .    v - scarf {rC+ rF+}
rCorr   .          Rampage  .    i - +2 pair of gloves
Will    .....                    (no boots)
Stlth   ..........               A - amulet of reflection
HPRegen 0.34/turn                b - +6 ring of dexterity
MPRegen 0.14/turn                k - +6 ring of strength

@: slowed, very slow
A: claws 1, cold vulnerability 1
a: Renounce Religion


You were on level 10 of the Dungeon.
You worshipped Beogh.
Beogh was aware of your devotion.
You visited 1 branch of the dungeon, and saw 8 of its levels.

You collected 408 gold pieces.

Inventory:

Hand Weapons
 a - a +0 hand axe of protection
 F - a +0 war axe (weapon)
 H - a +0 flail of draining
Missiles
 d - 58 stones
 m - 12 poisoned darts (quivered)
 r - 2 throwing nets
 w - 6 boomerangs of dispersal
Armour
 i - a +2 pair of gloves (worn)
 v - a scarf of resistance (worn)
 C - a +0 plate armour (worn)
Jewellery
 b - a +6 ring of dexterity (left hand)
 k - a +6 ring of strength (right hand)
 p - a ring of positive energy
 A - an amulet of reflection (around neck)
Wands
 t - a wand of iceblast (19)
 G - a wand of flame (25)
 J - a wand of charming (6)
Scrolls
 e - a scroll of vulnerability
 l - a scroll of fear
 n - a scroll of torment
 o - a scroll of identify {unknown}
 s - 3 scrolls of immolation
 x - a scroll of butterflies {unknown}
 y - 2 scrolls of brand weapon
 D - a scroll of noise
 E - a scroll of enchant armour {unknown}
 I - a scroll of poison {unknown}
Potions
 c - a potion of attraction {unknown}
 g - 2 potions of flight
 h - a potion of might {unknown}
 j - 3 potions of brilliance
 q - a potion of mutation
 B - 5 potions of curing


   Skills:
 + Level 10.8 Fighting
 - Level 7.0 Axes
 - Level 5.0 Dodging
 - Level 2.0 Stealth
 + Level 7.1 Invocations


You had 8 spell levels left.
You didn't know any spells.
Your spell library contained the following spells:

 Spells                   Type           Power      Damage    Failure   Level
 Call Canine Familiar     Summ           0%         N/A       100%        3
 Portal Projectile        Hex/Tloc       0%         N/A       100%        3
 Leda's Liquefaction      Hex/Erth       0%         N/A       100%        4


Dungeon Overview and Level Annotations

Branches:
Dungeon (7/15)             Temple (0/1) D:6

Altars:
Ashenzari
Gozag
Vehumet
Xom

Shops:
D:6 =

Annotations:
D:4 3 runed translucent doors, exclusion: 3 doors, Darkkill's ghost, amateur GrBe; Lemondrips's ghost, amateur DEHs; glaedl's ghost, amateur OpTm; koil's ghost, novice SpEn; lunkers's ghost, amateur MeWn
D:10 Josephine


Innate Abilities, Weirdness & Mutations

You have sharp fingernails.
You are vulnerable to cold. (rC-)


Message History

It was a potion of mutation.
You feel extremely strange.
You feel vulnerable to cold.
Your fingernails lengthen.
The wraith barely misses you. The wraith hits you.
* * * LOW HITPOINT WARNING * * *
The wraith drains your vigour!
You feel as though you will be slow longer.
The wraith hits you but does no damage. The wraith hits you.
* * * LOW HITPOINT WARNING * * *
The wraith drains your vigour!
You feel as though you will be slow longer.
The wraith hits you but does no damage. The wraith hits you.
* * * LOW HITPOINT WARNING * * *
The wraith drains your vigour!
You feel as though you will be slow longer.
You feel better.
The wraith hits you but does no damage. x2
The wraith barely misses you.
You hit the wraith.
You destroy the wraith!
Beogh accepts your kill.
You hit the wraith but do no damage. You hit the wraith.
Josephine seems to regain her courage.
You block the wraith's attack. The wraith completely misses you.
The wraith hits you but does no damage. x2
Your life force feels restored.
Your Invocations skill increases to level 7!
You slash the wraith! You punch the wraith, but do no damage.
The wraith is severely damaged.
You hit the wraith. You slash the wraith! The wraith closely misses you.
The wraith barely misses you. The wraith hits you but does no damage.
The wraith hits you!
* * * LOW HITPOINT WARNING * * *
The wraith drains your vigour!
You feel as though you will be slow longer.
The wraith hits you.
* * * LOW HITPOINT WARNING * * *
The wraith hits you.
* * * LOW HITPOINT WARNING * * *
As you read the scroll labelled KIACZAYKING, it crumbles to dust.
It is a scroll of amnesia.
You feel forgetful for a moment. The wraith hits you.
You die...

.....................
................W....
.................(W..
..................@..
#....#############
#....# #.@..# #WW..#
#@W..# ######


You could see Josephine and 3 wraiths.

Vanquished Creatures
  A wraith (D:10)
  3 yaks (D:10)
  A steam dragon (D:6)
  Duvessa (D:6)
  2 sky beasts
  2 ogres
  4 bullfrogs
  A gnoll sergeant (D:6)
  2 scorpions (D:6)
  2 necrophages
  Dowan (D:6)
  A howler monkey (D:5)
  A hound (D:5)
  2 jellies
  An orc priest (D:6)
  Ijyb (D:4)
  3 iguanas
  2 orc wizards
  14 gnolls
  5 ufetubi
  3 worms
  3 dart slugs
  15 orcs
  5 bats
  8 endoplasms
  A giant cockroach (D:1)
  7 goblins
  5 hobgoblins
  7 quokkas
  3 ball pythons (D:1)
  2 frilled lizards
  7 kobolds
  4 rats
120 creatures vanquished.

Notes
Turn   | Place    | Note
-------+----------+-------------------------------------------
     0 | D:1      | themarg the Hill Orc Monk began the quest for the Orb.
     0 | D:1      | Reached XP level 1. HP: 19/19 MP: 1/1
   258 | D:1      | Reached skill level 4 in Fighting
   314 | D:1      | Reached XP level 2. HP: 26/27 MP: 2/2
   501 | D:1      | Found a faded altar of an unknown god.
   770 | D:1      | Reached XP level 3. HP: 34/34 MP: 3/3
  1048 | D:2      | Reached skill level 5 in Fighting
  1273 | D:2      | Reached XP level 4. HP: 29/44 MP: 4/4
  1721 | D:3      | Reached skill level 6 in Fighting
  1888 | D:3      | Found an opulent altar of Gozag.
  2264 | D:3      | Reached XP level 5. HP: 50/51 MP: 5/5
  2486 | D:4      | Found a runed translucent gate.
  2486 | D:4      | Found a runed translucent gate.
  2486 | D:4      | Found a runed translucent gate.
  2489 | D:4      | Noticed koil's ghost (novice SpEn)
  2489 | D:4      | Noticed Darkkill's ghost (amateur GrBe)
  2490 | D:4      | Noticed lunkers's ghost (amateur MeWn)
  2490 | D:4      | Noticed Lemondrips's ghost (amateur DEHs)
  2490 | D:4      | Noticed glaedl's ghost (amateur OpTm)
  2608 | D:4      | Noticed an ogre
  2722 | D:4      | Noticed Ijyb
  2734 | D:4      | Killed Ijyb
  2735 | D:4      | Reached skill level 7 in Fighting
  2813 | D:4      | Reached XP level 6. HP: 60/61 MP: 6/6
  2853 | D:4      | Reached skill level 8 in Fighting
  3398 | D:4      | Reached skill level 9 in Fighting
  3400 | D:4      | Reached XP level 7. HP: 46/70 MP: 7/7
  3505 | D:5      | Entered Level 5 of the Dungeon
  3930 | D:5      | Became a worshipper of Beogh the Brigand
  3930 | D:5      | Reached * piety under Beogh
  3930 | D:5      | Reached ** piety under Beogh
  4173 | D:5      | Found a shimmering altar of Xom.
  4605 | D:6      | Noticed a steam dragon
  4619 | D:6      | Killed a steam dragon
  4620 | D:6      | Reached skill level 10 in Fighting
  4620 | D:6      | Reached skill level 1 in Invocations
  4735 | D:6      | Found a staircase to the Ecumenical Temple.
  4751 | D:6      | Noticed Dowan
  4751 | D:6      | Noticed Duvessa
  4768 | D:6      | Reached XP level 8. HP: 72/79 MP: 8/10
  4791 | D:6      | Killed Dowan
  5120 | D:6      | Killed Duvessa
  5347 | D:6      | Reached skill level 5 in Invocations
  5555 | D:6      | Reached skill level 5 in Dodging
  5770 | D:6      | Found a broken altar of Ashenzari.
  5805 | D:6      | Found Rovot's Jewellery Boutique.
  5836 | D:7      | Reached skill level 5 in Axes
  5897 | D:7      | Reached XP level 9. HP: 63/85 MP: 13/13
  6075 | D:7      | You fall into a shaft and drop 3 floors!
  6075 | D:10     | Entered Level 10 of the Dungeon
  6315 | D:10     | Found a radiant altar of Vehumet.
  6360 | D:10     | Noticed a two-headed ogre
  6367 | D:10     | Noticed Josephine
  6397 | D:10     | Gained mutation: You are vulnerable to cold. (rC-) [potion
                  | of mutation]
  6397 | D:10     | Gained mutation: You have sharp fingernails. [potion of
                  | mutation]
  6397 | D:10     | HP: 1/82 [wraith[Josephine] (5)]
  6401 | D:10     | Slain by a wraith

Illustrated notes

Levels and vault maps discovered:
D:1:      dpeg_arrival_simpleton_a, layout_basic, ebering_ecumenical_altar_mist
D:2:      layout_basic, kennysheep_generic_room_10
D:3:      layout_basic, nicolae_gozag_seed_capital
D:4:      layout_cave_pools, gammafunk_ghost_cemetery,
          chequers_serial_rivers_marsh, uniq_ijyb
D:5:      layout_basic, lemuel_doored_altar
D:6:      layout_rooms, mainiacjoe_overflow_surrounded_room,
          minmay_temple_entry_enclosed_plants, serial_shops,
          kennysheep_mini_moat, uniq_duvessa
D:7:      layout_basic
D:10:     layout_gridville, nicolae_vehumet_altar_sigil,
          hellmonk_lair_entry_icy, enter_trove_3, uniq_sonja, uniq_lodul,
          uniq_josephine

Skill      XL: |  1  2  3  4  5  6  7  8  9 |
---------------+----------------------------+-----
Fighting       | 4 5 6 7 9 10 | 10.8
Stealth        | 2 |  2.0
Invocations    | 3 5 7 |  7.1
Dodging        | 3 5 |  5.0
Axes           | 5 7 |  7.0

Action                   |  1- 3 |  4- 6 |  7- 9 || total
-------------------------+-------+-------+-------++-------
Melee: Hand axe          |   149 |   160 |   255 ||   564
       Punch             |     1 |     3 |     7 ||    11
       War axe           |       |       |    32 ||    32
Throw: Dart              |       |    11 |     5 ||    16
Invok: Convert to Beogh  |       |       |     1 ||     1
       Smiting           |       |       |     6 ||     6
Evoke: Wand              |       |     4 |       ||     4
  Use: Potion            |     1 |       |     7 ||     8
       Scroll            |       |     3 |    10 ||    13
 Stab: Sleeping          |     1 |     1 |       ||     2
Armor: Robe              |     5 |       |       ||     5
       Ring mail         |    31 |    29 |       ||    60
       Plate armour      |       |    66 |   201 ||   267
Dodge: Dodged            |    82 |    51 |   118 ||   251
Block: Other             |       |       |    78 ||    78
       Reflection        |       |       |     1 ||     1

Table legend: (Time is in decaauts)
 A = Elapsed time spent in this place.
 B = Non-inter-level travel time spent in this place.
 C = Inter-level travel time spent in this place.
 D = Time resting spent in this place.
 E = Time spent auto-exploring this place.
 F = Levels seen in this place.
 G = Mean time per level.
                   A        B        C        D        E       F      G
               +--------+--------+--------+--------+--------+-----+--------+
         Total |   6469 |   6230 |    239 |   1221 |   3294 |   8 |  808.6 |
       Dungeon |   6469 |   6230 |    239 |   1221 |   3294 |   8 |  808.6 |
               +--------+--------+--------+--------+--------+-----+--------+

Top non-repeatable levels by time:
     D:5: 1635 daAuts
     D:4: 1034 daAuts
     D:1: 905 daAuts
     D:3: 826 daAuts
     D:2: 796 daAuts
     D:6: 682 daAuts
    D:10: 335 daAuts
     D:7: 252 daAuts
